 Dungeon Crawl Stone Soup version 0.27.1-4-g1640c2035a (webtiles) character file.

Game seed: 17073161574640729272

130 Crownlay the Digger (level 5, 0/28 HPs)
             Began as a Gargoyle Earth Elementalist on Nov 6, 2021.
             Splashed by Ijyb's acid (13 damage)
             ... on level 4 of the Dungeon.
             The game lasted 00:08:21 (2943 turns).

Crownlay the Digger (Gargoyle Earth Elementalist)   Turns: 2943, Time: 00:08:22

Health: 0/28       AC:  8    Str: 11    XL:     5   Next: 14%
Magic:  10/10      EV: 11    Int: 17    God:
Gold:   125        SH:  0    Dex: 10    Spells: 7/11 levels left

rFire    . . .     SeeInvis .   a - staff of earth
rCold    . . .     Faith    .   (no shield)
rNeg     + . .     Spirit   .   b - +0 robe
rPois    ∞         Reflect  .   n - +0 helmet
rElec    +         Harm     .   (no cloak)
rCorr    .         Rampage  .   g - +0 pair of gloves
Will     .....                  (no boots)
Stlth    ++........             (no amulet)
HPRegen  0.09/turn              (no ring)
MPRegen  0.12/turn              (no ring)

@: no status effects
A: sickness immunity, AC +4, negative energy resistance 1, electricity
resistance, torment resistance 1, petrification resistance
a: no special abilities


You were on level 4 of the Dungeon.
You visited 1 branch of the dungeon, and saw 4 of its levels.

You collected 125 gold pieces.

Inventory:

Missiles
 c - 84 stones
Armour
 b - a +0 robe (worn)
 g - a +0 pair of gloves (worn)
 n - a +0 helmet (worn)
Magical Staves
 a - a staff of earth (weapon)
Scrolls
 d - a scroll of identify
 f - 2 scrolls of noise {unknown}
 h - a scroll of torment {unknown}
 j - 2 scrolls of amnesia {unknown}
 k - a scroll of enchant armour {unknown}
 l - a scroll of teleportation {unknown}
Potions
 e - a potion of brilliance
 i - a potion of magic {unknown}
 m - a potion of mutation {unknown}
 o - a potion of lignification {unknown}


   Skills:
 - Level 1.5 Dodging
 - Level 2.1 Stealth
 * Level 3.8 Spellcasting
 - Level 0.7 Transmutations
 + Level 5.2 Earth Magic


You had 7 spell levels left.
You knew the following spells:

 Your Spells              Type           Power      Damage    Failure   Level
a - Sandblast             Erth           62%        2d14      1%          1
b - Stone Arrow           Conj/Erth      36%        3d9       17%         3

Your spell library contained the following spells:

 Spells                   Type           Power      Damage    Failure   Level
 Passwall                 Tmut/Erth      16%        N/A       7%          2
 Blink                    Tloc           N/A        N/A       24%         2
 Ensorcelled Hibernation  Hex/Ice        6%         N/A       24%         2
 Spider Form              Tmut/Pois      2%         N/A       38%         3
 Lesser Beckoning         Tloc           1%         N/A       43%         3
 Petrify                  Tmut/Erth      20%        N/A       43%         4
 Manifold Assault         Tloc           3%         N/A       99%         5
 Shadow Creatures         Summ           N/A        N/A       100%        6


Dungeon Overview and Level Annotations

Branches:
Dungeon (4/15)
 Temple: D:4-7

Altars:

Annotations:
D:4 Ijyb


Innate Abilities, Weirdness & Mutations

You are immune to sickness and miasma.
Your stone body is resilient. (AC +4)
You are immune to poison.
You resist negative energy. (rN+)
You are resistant to electric shocks. (rElec)
You are resistant to unholy torment.
You are immune to petrification.


Message History

You now have 125 gold pieces (gained 13).
A goblin comes into view. It is wielding a +0 dagger.
The spell is quite dangerous to cast (17% risk of failure)!
Continue anyway?
You feel a surge of power!
The stone arrow hits the goblin!
You kill the goblin!
Things that are here:
a +0 dagger; a goblin corpse
There is a stone staircase leading up here.
You see here a +0 leather armour.
A kobold comes into view. It is wielding a +0 short sword.
The kobold shouts!
A kobold is nearby!
The spell is quite dangerous to cast (17% risk of failure)!
Continue anyway?
You feel a surge of power!
The stone arrow hits the kobold!
You kill the kobold!
Okay, then.
Unknown command.
You see here a +0 short sword.
You see here a +0 robe.
Done exploring.
Done exploring.
Done exploring.
Done exploring.
Done exploring.
Done exploring.
Okay, then.
(D) Dungeon
Where to? (Enter - D:3, ? - help)
You see here a +0 short sword.
There is a stone staircase leading down here.
You climb downwards.
Found a glowing scarf and a war axe.
There is a stone staircase leading up here.
Found a stone staircase leading down.
Ijyb the Twisted Goblin comes into view.
She is wielding a +0 club and carrying a wand of acid (8).
Ijyb shouts!
Ijyb zaps a wand.
The bolt of acid hits you!
Ouch! That really hurt!
You are splashed with acid!
You die...

########
#......# #
#......# .. #
###......##.#
#.#
#>.......g.
... #......#
..
#......##.#.#
#[.@...<....#
#..)....#...#
#.......#
.....
#######.#
#### #.# #.#
... ...


You could see Ijyb.

Vanquished Creatures
  Robin (D:3)
  3 adders
  4 dart slugs
  6 ball pythons
  2 endoplasms
  2 giant cockroaches
  15 goblins
  7 hobgoblins
  10 jackals
  4 kobolds
  3 quokkas
  9 bats
  4 frilled lizards
  8 rats
78 creatures vanquished.

Notes
Turn   | Place    | Note
-------+----------+-------------------------------------------
     0 | D:1      | Crownlay the Gargoyle Earth Elementalist began the quest
                  | for the Orb.
     0 | D:1      | Reached XP level 1. HP: 10/10 MP: 3/3
   359 | D:1      | Reached XP level 2. HP: 15/15 MP: 5/5
   669 | D:1      | Reached skill level 4 in Earth Magic
   957 | D:1      | Reached XP level 3. HP: 19/19 MP: 7/7
  1526 | D:2      | Learned a level 3 spell: Stone Arrow
  1559 | D:2      | Found a faded altar of an unknown god.
  1759 | D:2      | Reached XP level 4. HP: 20/24 MP: 9/9
  2035 | D:2      | Identified a scroll of acquirement
  2036 | D:2      | Acquired a staff of earth
  2248 | D:3      | Noticed Robin
  2251 | D:3      | Killed Robin
  2414 | D:3      | Reached skill level 5 in Earth Magic
  2480 | D:3      | Reached XP level 5. HP: 28/28 MP: 6/10
  2942 | D:4      | Noticed Ijyb
  2943 | D:4      | Splashed by Ijyb's acid

Illustrated notes

Levels and vault maps discovered:
D:1:      minmay_arrival_plants_in_alcoves, layout_basic, serial_bayou_pond_e
D:2:      layout_rooms, basic_ecumenical_altar
D:3:      layout_rooms, uniq_robin
D:4:      layout_basic, uniq_ijyb

Skill      XL: |  1  2  3  4 |
---------------+-------------+-----
Earth Magic    | 4 5 |  5.2
Spellcasting   | 3 |  3.8
Dodging        | |  1.5
Stealth        | |  2.1
Transmutations | |  0.7

Action                   |  1- 3 |  4- 6 || total
-------------------------+-------+-------++-------
Melee: Whip              |    61 |       ||    61
       Dagger            |    10 |    15 ||    25
       Staff             |       |    32 ||    32
 Cast: Sandblast         |    26 |    26 ||    52
       Stone Arrow       |       |    11 ||    11
  Use: Scroll            |       |     3 ||     3
 Stab: Sleeping          |     2 |       ||     2
Armor: Robe              |    41 |    21 ||    62
Dodge: Dodged            |    69 |    34 ||   103
